 Dungeon Crawl Stone Soup version 0.30-a0-779-g7971cf19c3 (webtiles) character file.

Game seed: 17477014651155259353

201 Nedwor the Trooper (level 5, 0/47 HPs)
             Began as a Minotaur Fighter on Feb 16, 2023.
             Slain by an orc wizard
             ... wielding a +3 dagger
              (7 damage)
             ... on level 4 of the Dungeon on Feb 17, 2023.
             The game lasted 00:04:00 (2590 turns).

Nedwor the Trooper (Minotaur Fighter)               Turns: 2590, Time: 00:04:00

Health: 0/47       AC:  7    Str: 22    XL:     5   Next: 50%
Magic:  4/4        EV: 10    Int:  5    God:
Gold:   274        SH:  0    Dex: 10    Spells: 4/4 levels left

rFire   . . .      SeeInvis .    i - +0 battleaxe
rCold   . . .      Faith    .    (shield currently unavailable)
rNeg    . . .      Spirit   .    b - +0 scale mail
rPois   .          Reflect  .    (helmet restricted)
rElec   .          Harm     .    (no cloak)
rCorr   .          Rampage  .    (no gloves)
Will    .....                    (no boots) Stlth
                                 (no amulet)
HPRegen 0.27/turn                (no ring)
MPRegen 0.09/turn                (no ring)

@: mighty
A: horns 2, retaliatory headbutt
a: no special abilities


You were on level 4 of the Dungeon.
You visited 1 branch of the dungeon, and saw 4 of its levels.

You collected 274 gold pieces.

Inventory:

Hand Weapons
 i - a +0 battleaxe (weapon)
Armour
 b - a +0 scale mail (worn)
Jewellery
 j - an amulet of faith
 l - a +5 ring of evasion
Wands
 q - a wand of iceblast (9)
Scrolls
 a - a scroll of poison {unknown}
 c - 3 scrolls of teleportation {unknown}
 g - 2 scrolls of identify {unknown}
 k - a scroll of noise {unknown}
 m - a scroll of enchant weapon {unknown}
 n - a scroll of silence {unknown}
 o - a scroll of enchant armour {unknown}
Potions
 e - a potion of ambrosia {unknown}
 f - 4 potions of lignification {unknown}
 h - 6 potions of curing {unknown}
 p - a potion of resistance {unknown}
 r - 2 potions of brilliance {unknown}


   Skills:
 + Level 4.6 Fighting
 * Level 4.6 Axes
 + Level 4.5 Armour
 + Level 2.3 Dodging
 - Level 4.1 Shields


You had 4 spell levels left.
You didn't know any spells.
Your spell library was empty.

Dungeon Overview and Level Annotations

Branches:
Dungeon (4/15)
 Temple: D:4-7

Altars:
Fedhas

Shops:
D:2 !


Innate Abilities, Weirdness & Mutations

You have a pair of horns on your head.
You reflexively headbutt those who attack you in melee.


Message History

Deactivating autopickup; reactivate with Ctrl-A.
The orc moves out of view.
You barely miss something. Your headbutt misses something.
Something hits you but does no damage.
The orc priest invokes the aid of Beogh against you.
Something writhes in agony.
Something hits you.
* * * LOW HITPOINT WARNING * * *
Something hits you but does no damage.
You closely miss something.
You feel yourself speed up.
You hear some strange, mumbled words.
A puff of flame appears from out of thin air!
The puff of flame misses you.
The orc wizard gestures at you while chanting.
The puff of flame hits something.
Something hits you.
* * * LOW HITPOINT WARNING * * *
You closely miss something. Something hits you but does no damage.
The orc wizard gestures wildly while chanting.
The orc wizard flickers and vanishes!
Unknown command.
You miss something.
You hear some strange, mumbled words.
A magic dart appears from out of thin air!
The magic dart hits you.
* * * LOW HITPOINT WARNING * * *
Something hits you.
* * * LOW HITPOINT WARNING * * *
You slash something!
Reactivating autopickup.
You feel a bit more experienced.
You closely miss the orc wizard. You headbutt the orc wizard!
The orc wizard is heavily wounded.
The orc wizard mumbles some strange words.
The orc wizard flickers and vanishes!
Deactivating autopickup; reactivate with Ctrl-A.
Something hits you but does no damage.
You barely miss something. Your headbutt misses something.
Something hits you but does no damage.
You miss something. Something hits you but does no damage. Something hits you!
You die...

# # ## ##### .#
#... .#
...########.# .##
#..oo{@.#..#
..###
#.....##.)..#
....##
..#.#.##..#.#
.##..## ....
.#....# .###..#
#.#.#....##.#
....#.# #.
...##.##.#######
#.#.#.# #
....##.##........
....#.###
###..#.).#######.
#.#.#[.>#
#.###.######


You could see an orc priest and an orc.

Vanquished Creatures
  2 hounds (D:4)
  An orc wizard (D:4)
  Natasha (D:4)
  An adder (D:4)
  2 worms
  3 dart slugs
  10 endoplasms
  5 giant cockroaches
  5 goblins
  7 hobgoblins
  12 jackals
  2 quokkas
  5 ball pythons
  3 bats
  6 frilled lizards
  10 kobolds
  A rat (D:3)
76 creatures vanquished.

Notes
Turn   | Place    | Note
-------+----------+-------------------------------------------
     0 | D:1      | Nedwor the Minotaur Fighter began the quest for the Orb.
     0 | D:1      | Reached XP level 1. HP: 19/19 MP: 0/0
   218 | D:1      | Upgraded the game from 0.30-a0-778-g2ef04afb54 to
                  | 0.30-a0-779-g7971cf19c3
   242 | D:1      | Reached XP level 2. HP: 20/27 MP: 1/1
   353 | D:1      | Found a faded altar of an unknown god.
   892 | D:2      | Reached skill level 1 in Dodging
  1037 | D:2      | Reached XP level 3. HP: 33/33 MP: 2/2
  1576 | D:2      | Found Cakhiseu's Distillery.
  2105 | D:3      | Reached XP level 4. HP: 37/40 MP: 3/3
  2197 | D:3      | Found a blossoming altar of Fedhas.
  2555 | D:4      | Reached XP level 5. HP: 47/47 MP: 4/4
  2569 | D:4      | Noticed Natasha
  2577 | D:4      | Killed Natasha
  2590 | D:4      | Slain by an orc wizard

Illustrated notes

Levels and vault maps discovered:
D:1:      co_arrival_random_square_maze, layout_basic,
          dreamdust_ecumenical_altar_angels_and_demons, dk_noncrumbling_3
D:2:      layout_basic, serial_shops, nicolae_shop_crystal
D:3:      minmay_angry_zag, layout_rooms, fedhas_altar_2
D:4:      dreamdust_elfheim, layout_rooms, serial_glass, glass_columns_c,
          glass_columns_b, glass_columns_c, glass_columns_a, glass_columns_b,
          glass_columns_a, glass_columns_a, glass_columns_b, glass_columns_a,
          glass_columns_c, grunt_ministairs_12, uniq_natasha

Skill      XL: |  1  2  3  4 |
---------------+-------------+-----
Axes           | 3 4 |  4.6
Dodging        | 1 2 |  2.3
Shields        | 4 |  4.1
Fighting       | 4 |  4.6
Armour         | 4 |  4.5

Action                     |  1- 3 |  4- 6 || total
---------------------------+-------+-------++-------
  Melee: War axe           |     8 |       ||     8
         Battleaxe         |    97 |    53 ||   150
         Headbutt          |    10 |     5 ||    15
    Use: Potion            |       |     1 ||     1
 Armour: Scale mail        |    67 |    34 ||   101
  Dodge: Dodged            |    60 |    35 ||    95
  Block: Buckler           |     4 |       ||     4

Table legend: (Time is in decaauts)
 A = Elapsed time spent in this place.
 B = Non-inter-level travel time spent in this place.
 C = Inter-level travel time spent in this place.
 D = Time resting spent in this place.
 E = Time spent auto-exploring this place.
 F = Levels seen in this place.
 G = Mean time per level.
                   A        B        C        D        E       F      G
               +--------+--------+--------+--------+--------+-----+--------+
         Total |   2678 |   2588 |     90 |      0 |   2102 |   4 |  669.5 |
       Dungeon |   2678 |   2588 |     90 |      0 |   2102 |   4 |  669.5 |
               +--------+--------+--------+--------+--------+-----+--------+

Top non-repeatable levels by time:
     D:2: 1043 daAuts
     D:1: 899 daAuts
     D:3: 441 daAuts
     D:4: 294 daAuts
